Description

First and foremost this is NOT my build order. All credit goes to Bombs for this build order. A link to the video where he performs and describes this build order is linked here: https://www.youtube.com/watch?v=jxY45xpxLZQ

I simply transcribed the build order over to SpawningTool. Thank you Bombs! :)

Build Order

Get SALT Encoding   

  14  0:17  Supply Depot  
  15  0:30  Refinery  
  16  0:45  Barracks Leave room for reactor  
  19  1:30  Barracks Reactor  
  19  1:35  Orbital Command  
  19  1:45  Command Center Expand  
  19  2:00  Factory @100gas  
  20  2:05  Supply Depot to finish wall in main.  
  21  2:10  Marine  
  21  2:11  Marine  
  23  2:20  Refinery @50%factory  
  26  2:45  Factory Tech Lab  
  26  2:50  Starport  
  34  3:20  Siege Tank  
  41  3:40  Liberator @100%starport  
  57  4:30  Barracks with Tech Lab  
  57  4:33  Barracks with Tech Lab  
  57  4:38  Starport Reactor  
  57  4:42  Refinery  
  57  4:44  Refinery  
  57  4:50  Engineering Bay  
  71  5:10  Terran Infantry Weapons Level 1  
  71  5:20  Barracks Reactor  
  71  5:22  Barracks Reactor  
  80  5:50  Stimpack  
  81  5:54  Combat Shields  
  82  6:03  Medivac x2  
  130  7:30  Action Attack in  
Spawning Tool Build Advisor. Get it on Overwolf

Go to:

Details

  • Created by: OhHaiImLemon
  • Published on: Aug 11, 2017
  • Modified on: Aug 11, 2017
  • Patch: 3.8.0
Show
View Real Time Build Order
Export as new Build Order

Comments (0)

There are no comments. Be the first!

Create an account to comment!